 Dungeon Crawl Stone Soup version 0.17.2 (webtiles) character file.

3658 Goblin1989 the Basher (level 10, -2/59 HPs)
             Began as a Gargoyle Gladiator on May 29, 2016.
             Was an Initiate of Gozag.
             Slain by an orc warrior
             ... wielding a +0 war axe
              (12 damage)
             ... in a bailey.
             The game lasted 00:36:12 (3170 turns).

Goblin1989 the Basher (Gargoyle Gladiator)          Turns: 3170, Time: 00:36:12

Health: -2/59      AC: 24    Str: 22    XL:     10   Next: 12%
Magic:  10/10      EV:  7    Int:  9    God:    Gozag
Gold:   891        SH:  0    Dex: 12    Spells: 1 memorised, 8 levels left

rFire  . . .     SeeInvis .     a - +1 whip (flame)
rCold  . . .     Clarity  .     j - +0 plate armour
rNeg   + . .     SustAt   .     (no shield)
rPois  ∞         Gourm    .     c - +1 helmet
rElec  +         Spirit   .     t - +0 cloak of Orthodoxy {Dex+2}
rCorr  .         Warding  .     (no gloves)
rMut   +         Stasis   .     x - +0 pair of boots
MR     .....                    q - amulet of resist mutation {rMut, !d}
Stlth  ..........               (no ring)
                                C - ring of loudness (curse) {Stlth-}

@: not resistant to hostile enchantments, extremely unstealthy
A: negative energy resistance 1, electricity resistance, unbreathing,
petrification resistance, rot immunity, AC +7
a: Potion Petition, Call Merchant, Bribe Branch, Renounce Religion


You were in a bailey.
You worshipped Gozag.
Gozag was noncommittal.
You were very full.

You visited 1 branch of the dungeon, and saw 8 of its levels.
You also visited: Sewer and Bailey.

You collected 946 gold pieces.
You paid 55 gold pieces to Gozag.

Inventory:

Hand Weapons
 a - a +1 whip of flaming (weapon)
 b - a +0 blowgun
 h - a +1 dagger of protection
Missiles
 d - 3 throwing nets {=f, !d}
 l - 42 poisoned needles
 m - 2 javelins (quivered)
Armour
 c - a +1 helmet (worn)
 j - a +0 plate armour (worn)
 t - the +0 cloak of Orthodoxy (worn) {Dex+2}
   (You found it on level 4 of the Dungeon)

   It affects your dexterity (+2).
 x - a +0 pair of boots (worn)
Jewellery
 g - an uncursed amulet of rage {+Rage, !d}
 q - an amulet of resist mutation (around neck) {rMut, !d}
 C - a cursed ring of loudness (left hand) {Stlth-}
 H - an uncursed amulet of regeneration {unknown}
Scrolls
 r - 2 scrolls of teleportation
 u - a scroll of fog
 D - a scroll of enchant armour
 E - a scroll of remove curse
 G - a scroll of identify
Potions
 f - a potion of mutation {!q}
 i - a potion of brilliance {unknown}
 n - 3 potions of might
 o - 3 potions of curing {unknown}
 p - 4 potions of agility
 s - a potion of poison {unknown}
 v - a potion of heal wounds {unknown}
 w - 2 potions of flight {unknown}
 z - a potion of berserk rage {unknown}
 A - a potion of cancellation {unknown}
 B - a potion of invisibility {unknown}
Books
 k - a book of Party Tricks

   Spells                             Type                      Level
   a - Summon Butterflies             Summoning                    1
   b - Apportation                    Translocation                1
   c - Tukima's Dance                 Hexes                        3
   d - Alistair's Intoxication        Transmutation/Poison         4
   e - Invisibility                   Hexes                        6


   Skills:
 + Level 5.4 Fighting
 * Level 11.7 Maces & Flails
 - Level 1.7 Throwing
 + Level 5.7 Armour
 - Level 2.4 Dodging
 + Level 3.7 Translocations


You had 8 spell levels left.
You knew the following spells:

 Your Spells              Type           Power        Failure   Level  Hunger
a - Apportation           Tloc           #.........   99%         1    ##.....


Dungeon Overview and Level Annotations

Branches:
Dungeon (8/15)
 Temple: D:4-7         Lair: D:8-11

Altars:
Ashenzari
Gozag
Kikubaaqudgha
Nemelex Xobeh
Okawaru
Ru
Trog
Xom
The Shining One

Annotations:
D:5 Goblin1989's ghost, novice GrGl


Innate Abilities, Weirdness & Mutations

You are resistant to torment.
Your stone body is resilient (AC +7).
You are immune to poison.
You resist negative energy.
You are resistant to electric shocks.
You can survive without breathing.
You are immune to petrification.
You are immune to rotting.


Message History

You feel a little less clever now.
You hit the orc warrior. You burn the orc warrior.
The orc warrior hits you but does no damage.
You hit the orc warrior. You burn the orc warrior. The orc misses you.
You barely miss the orc warrior. The orc warrior closely misses you.
You hit the orc warrior but do no damage.
The orc closely misses you.
Your plate armour prevents you from hitting the orc warrior.
The orc warrior hits you with a war axe.
* * * LOW HITPOINT WARNING * * *
You hit the orc warrior but do no damage.
You feel a little less agile now.
You barely miss the orc warrior. The orc closely misses you.
You hit the orc warrior. You burn the orc warrior.
The orc warrior hits you but does no damage.
You hit the orc warrior. You burn the orc warrior. The orc barely misses you.
You hit the orc warrior. You burn the orc warrior.
The orc warrior hits you with a war axe!
You die...
Your body crumbles into a pile of gold.

# ## #.## +#.### ##
....# ###.....### .##
...... ##........!##
..#$$
......##8........??# ..#
$ .......#8.........!#
..#$$
.(..$$($.....⌠....∩# ..#
$ .......#8@o.......!#
..#$$
......##8$o......?!#
.### ......###........?#
##.###
....###.###$$...###
.....###.###.....#$#.###
)......###.......$.###
........#...........#
........#...........#
..⌠....)#.....⌠.....#


You could see an orc warrior and an orc.

Vanquished Creatures
  An orc warlord (Bailey)
  An orc knight (Bailey)
  Eustachio (D:5)
  9 orc warriors (Bailey)
  2 centaurs
  2 big kobolds
  A giant frog (D:6)
  3 water moccasin skeletons
  A crimson imp (D:8)
  A jelly (D:5)
  An orc priest (D:8)
  A hound (D:5)
  3 orc wizards
  2 iguanas
  2 worker ants
  9 gnolls
  4 adders
  2 adder skeletons
  A worm (D:4)
  23 orcs
  10 giant cockroaches
  21 goblins
  16 hobgoblins
  4 jackals (D:3)
  A quokka (D:5)
  3 ball pythons (Sewer)
  4 bats
  7 giant geckos
  2 giant newts (Sewer)
  20 kobolds
  A quokka skeleton (D:3)
  3 rats
162 creatures vanquished.

Vanquished Creatures (collateral kills)
  A necrophage (D:8)
  A giant frog zombie (D:8)
2 creatures vanquished.

Grand Total: 164 creatures vanquished

Notes
Turn   | Place    | Note
--------------------------------------------------------------
     0 | D:1      | Goblin1989 the Gargoyle Gladiator began the quest for the Orb.
     0 | D:1      | Reached XP level 1. HP: 12/12 MP: 1/1
   101 | D:3      | Reached XP level 2. HP: 14/17 MP: 2/2
   200 | D:2      | Reached skill level 4 in Maces & Flails
   200 | D:2      | Reached XP level 3. HP: 17/21 MP: 3/3
   273 | D:1      | You fall through a shaft!
   592 | D:4      | Reached skill level 5 in Maces & Flails
   592 | D:4      | Reached XP level 4. HP: 13/26 MP: 4/4
   655 | D:4      | Found an opulent altar of Gozag.
   670 | D:4      | Became a worshipper of Gozag Ym Sagoz the Greedy
   827 | D:3      | Reached XP level 5. HP: 25/30 MP: 5/5
  1016 | D:3      | Reached skill level 6 in Maces & Flails
  1201 | D:5      | Entered Level 5 of the Dungeon
  1263 | D:5      | Reached XP level 6. HP: 22/35 MP: 6/6
  1267 | D:5      | Noticed Goblin1989's ghost (novice GrGl)
  1358 | D:4      | Got a pitted cloak
  1364 | D:4      | Identified the cursed +0 cloak of Orthodoxy {Dex+2} (You found it on level 4 of the Dungeon)
  1608 | D:6      | Reached skill level 7 in Maces & Flails
  1749 | D:6      | Found a glowing drain.
  1780 | Sewer    | Entered a sewer
  1839 | Sewer    | Reached XP level 7. HP: 29/40 MP: 7/7
  1910 | Sewer    | Reached skill level 8 in Maces & Flails
  2130 | D:5      | Noticed Eustachio
  2172 | D:5      | Killed Eustachio
  2172 | D:5      | Reached skill level 1 in Armour
  2379 | D:7      | Reached skill level 9 in Maces & Flails
  2379 | D:7      | Reached XP level 8. HP: 35/44 MP: 8/8
  2388 | D:8      | Found a shimmering altar of Xom.
  2685 | D:8      | Found a bloodstained altar of Trog.
  2691 | D:8      | Found a sacrificial altar of Ru.
  2691 | D:8      | Found a glowing golden altar of the Shining One.
  2691 | D:8      | Found an ancient bone altar of Kikubaaqudgha.
  2691 | D:8      | Found a sparkling altar of Nemelex Xobeh.
  2692 | D:8      | Found a shattered altar of Ashenzari.
  2693 | D:8      | Found an iron altar of Okawaru.
  2775 | D:8      | Reached skill level 10 in Maces & Flails
  2778 | D:8      | Learned a level 1 spell: Apportation
  2867 | D:8      | Found a flagged portal.
  2878 | Bailey   | Entered a bailey
  3058 | Bailey   | Noticed an orc knight
  3070 | Bailey   | Killed an orc knight
  3070 | Bailey   | Reached skill level 1 in Translocations
  3070 | Bailey   | Reached XP level 9. HP: 49/51 MP: 9/9
  3093 | Bailey   | Noticed an orc warlord
  3119 | Bailey   | Killed an orc warlord
  3119 | Bailey   | Reached skill level 5 in Fighting
  3119 | Bailey   | Reached skill level 11 in Maces & Flails
  3119 | Bailey   | Reached skill level 5 in Armour
  3124 | Bailey   | Reached XP level 10. HP: 21/59 MP: 10/10
  3170 | Bailey   | Slain by an orc warrior

Action                   |  1- 3 |  4- 6 |  7- 9 | 10-12 || total
-------------------------+-------+-------+-------+-------++-------
Melee: Whip              |    75 |   248 |   402 |    41 ||   766
       Flail             |    44 |       |       |       ||    44
 Fire: Blowgun           |       |       |    40 |       ||    40
Throw: Javelin           |       |       |     5 |       ||     5
Invok: Potion Petition   |       |       |     1 |       ||     1
  Use: Scroll            |     3 |     3 |     6 |       ||    12
       Potion            |       |     2 |       |       ||     2
 Stab: Distracted        |       |     1 |     5 |       ||     6
  Eat: Fruit             |       |     4 |       |       ||     4
       Bread ration      |       |     1 |     2 |       ||     3
